 Dungeon Crawl Stone Soup version 0.23-a0-635-g88ca12a (webtiles) character file.

256 zishaf the Sneak (level 5, -1/35 HPs)
             Began as a Vampire Enchanter on Dec 27, 2018.
             Slain by a wight
             ... wielding a +4 scimitar of freezing
              (9 damage)
             ... on level 3 of the Dungeon.
             The game lasted 00:08:17 (5752 turns).

zishaf the Sneak (Vampire Enchanter)                Turns: 5752, Time: 00:08:17

Health: -1/35      AC:  3    Str:  7    XL:     5   Next: 92%
Magic:  6/8        EV: 12    Int: 19    God:
Gold:   107        SH:  0    Dex: 14    Spells: 2/8 levels left

rFire    . . .     SeeInvis +   a - +2 dagger
rCold    + + .     Gourm    .   (no shield)
rNeg     + + +     Faith    .   u - +0 leather armour
rPois    ∞         Spirit   .   (no helmet)
rElec    .         Reflect  .   (no cloak)
rCorr    .         Harm     .   (no gloves)
MR       .....                  (no boots)
Stlth    +++++.....             (no amulet)
HPRegen  0.00/turn              (no ring)
MPRegen  0.11/turn              (no ring)

@: bloodless, non-regenerating
A: fangs 3, see invisible, unbreathing
a: Bat Form


You were on level 3 of the Dungeon.
You were bloodless.

You visited 1 branch of the dungeon, and saw 3 of its levels.

You collected 107 gold pieces.

Inventory:

Hand Weapons
 a - a +2 dagger (weapon)
Missiles
 e - 174 stones (quivered)
Armour
 b - a +0 robe
 u - a +0 leather armour (worn)
Jewellery
 r - an uncursed ring of ice
Scrolls
 f - 2 scrolls of teleportation {unknown}
 g - 4 scrolls of remove curse {unknown}
 i - a scroll of magic mapping {unknown}
 k - a scroll of immolation {unknown}
 l - a scroll of enchant weapon {unknown}
 m - a scroll of fog {unknown}
 p - 2 scrolls of enchant armour {unknown}
 s - a scroll of fear {unknown}
Potions
 c - 2 potions of haste {unknown}
 d - 4 potions of agility {unknown}
 h - a potion of cancellation {unknown}
 j - a potion of flight {unknown}
 o - a potion of heal wounds {unknown}
 q - 10 potions of blood
 t - 2 potions of curing {unknown}
Comestibles
 n - a ration


   Skills:
 + Level 2.6 Short Blades
 + Level 0.6 Armour
 + Level 3.2 Dodging
 + Level 6.5 Stealth
 - Level 2.0 Spellcasting
 + Level 6.2 Hexes
 + Level 1.7 Ice Magic


You had 2 spell levels left.
You knew the following spells:

 Your Spells              Type           Power        Failure   Level  Hunger
a - Ensorcelled Hibernat  Hex/Ice        ###...       8%          2    ###....
b - Corona                Hex            ####...      1%          1    #......
z - Confuse               Hex            ####....     5%          3    ###....

Your spell library contained the following spells:

 Spells                   Type           Power        Failure   Level  Hunger
 Tukima's Dance           Hex            ####....     5%          3    ###....
 Dazzling Spray           Conj/Hex       ##....       21%         3    ###....


Dungeon Overview and Level Annotations

Branches:
Dungeon (3/15)

Altars:
Ashenzari

Annotations:
D:3 1 runed door, cdice's ghost, amateur DsTm


Innate Abilities, Weirdness & Mutations

You do not heal naturally.
You are immune to poison.
You have razor-sharp teeth.
You have supernaturally acute eyesight. (SInv)
You can survive without breathing.


Message History

The wight is heavily damaged.
You hit the wight. You bite the wight, but do no damage.
The wight is heavily damaged.
The wight hits you with a +4 scimitar of freezing.
You are too injured to fight recklessly!
You hit the wight but do no damage.
The wight is heavily damaged.
The wight hits you with a +4 scimitar of freezing!
* * * LOW HITPOINT WARNING * * *
The wight freezes you.
* * * LOW HITPOINT WARNING * * *
You hit the wight but do no damage.
The wight is heavily damaged.
You hit the wight but do no damage.
The wight is heavily damaged.
The wight barely misses you.
You hit the wight but do no damage.
The wight is heavily damaged.
The wight hits you with a +4 scimitar of freezing!
You die...

#.........#.............#.#####
#.#######.#.###########[#......
#.##......#.#>.........).......
#.#...#...#.#.#####.....#......
#.###.#####.#.# #.....#.#....
#...........#.### #.....#.#[##.
#####.#######...#######.#.#<.#.
###.#.........#.....#.#.#..##
#...#.#####.@.+≈≈≈≈W#.#.#..#.
#............z#.....#.#.####.
#...#.#####...#######........
#####.#......## #########
#........# #........#
#..).....# ##........#
#......####


You could see a wight (confused).

Vanquished Creatures
  3 wights (D:3)
  An orc wizard (D:3)
  4 adders
  A worm (D:3)
  3 dart slugs
  3 orcs
  3 giant cockroaches
  5 goblins
  9 hobgoblins
  8 jackals
  8 kobolds
  A quokka (D:3)
  4 bats
  A frilled lizard (D:3)
  16 rats
70 creatures vanquished.

Notes
Turn   | Place    | Note
-------+----------+-------------------------------------------
     0 | D:1      | zishaf the Vampire Enchanter began the quest for the Orb.
     0 | D:1      | Reached XP level 1. HP: 13/13 MP: 3/3
   439 | D:1      | Reached XP level 2. HP: 9/19 MP: 5/5
   903 | D:1      | Learned a level 2 spell: Ensorcelled Hibernation
  1400 | D:2      | Reached skill level 5 in Stealth
  1412 | D:2      | Reached skill level 5 in Hexes
  1432 | D:2      | Reached XP level 3. HP: 24/24 MP: 6/6
  3374 | D:3      | Reached XP level 4. HP: 30/30 MP: 7/7
  4368 | D:3      | Reached skill level 1 in Ice Magic
  4558 | D:3      | Reached XP level 5. HP: 35/35 MP: 8/8
  4571 | D:3      | Found a shattered altar of Ashenzari.
  4797 | D:3      | Found a runed door.
  4799 | D:3      | Noticed cdice's ghost (amateur DsTm)
  4854 | D:2      | Learned a level 3 spell: Confuse
  5752 | D:3      | Slain by a wight

Vault maps used:
D:1:      dpeg_arrival_simpleton_c
D:2:      minmay_chambers_of_ones, minmay_rat_gold_closets
D:3:      ebering_ghost_reflecting_pool, evilmike_ruin_ashenzari

Skill      XL: |  1  2  3  4  5 |
---------------+----------------+-----
Stealth        | 5 6 |  6.5
Hexes          | 5 6 |  6.2
Short Blades   | 2 |  2.6
Ice Magic      | 1 |  1.7
Dodging        | 3 |  3.2
Armour         | |  0.6
Spellcasting   | |  2.0

Action                   |  1- 3 |  4- 6 || total
-------------------------+-------+-------++-------
Melee: Dagger            |   147 |   116 ||   263
       Bite              |    13 |    12 ||    25
Throw: Stone             |       |     1 ||     1
 Cast: Ensorcelled Hiber |       |    16 ||    16
       Confuse           |       |     7 ||     7
 Abil: End Transformatio |       |     2 ||     2
       Bat Form          |       |     2 ||     2
  Use: Potion            |     3 |     4 ||     7
 Stab: Sleeping          |    15 |    13 ||    28
       Distracted        |     1 |       ||     1
       Confused          |       |     3 ||     3
Armor: Robe              |    17 |    13 ||    30
       Leather armour    |       |     1 ||     1
Dodge: Dodged            |    82 |    67 ||   149

Table legend:
 A = Non-vault XP
 B = Vault XP
 C = Vault XP percentage of total XP
 D = Non-vault monster count
 E = Vault monster count
 F = Vault count percentage of total count
                 A         B        C        D         E       F
            +---------+---------+-------+---------+---------+-------
      Total |     341 |      25 |   6.8 |      59 |      11 |  15.7
            +---------+---------+-------+---------+---------+-------
        D:1 |      22 |       0 |   0.0 |      14 |       0 |   0.0
        D:2 |      44 |      25 |  36.2 |      16 |      11 |  40.7
        D:3 |     275 |       0 |   0.0 |      29 |       0 |   0.0
            +---------+---------+-------+---------+---------+-------
